 Dungeon Crawl Stone Soup version 0.17-a0-1802-g9847487 (webtiles) character file.

3148 Rationalist the Blocker (level 10, -13/77 HPs)
             Began as a Formicid Fighter on Sept 11, 2015.
             Was a Follower of Qazlal.
             Mangled by an orc warrior
             ... wielding a +0 dire flail
              (21 damage)
             ... on level 7 of the Dungeon.
             The game lasted 00:15:35 (7730 turns).

Rationalist the Blocker (Formicid Fighter)          Turns: 7730, Time: 00:15:35

Health: -13/77     AC: 14    Str: 26      XL:     10   Next: 15%
Magic:  10/10      EV:  9    Int:  5 (6)  God:    Qazlal [*.....]
Gold:   439        SH: 13    Dex:  7 (10) Spells: 0 memorised, 9 levels left

rFire  + + .     SeeInvis +     a - +0 war axe
rCold  . . .     Clarity  .     u - +0 chain mail {rN+}
rNeg   + . .     SustAt   .     c - +0 shield
rPois  +         Gourm    .     (helmet unavailable)
rElec  .         Spirit   .     (no cloak)
rCorr  .         Warding  .     (no gloves)
rMut   .         Stasis   +     k - +2 pair of boots
MR     +....                    L - amulet of regeneration
Stlth  ..........               (no ring)
                                y - -3 ring of dexterity (curse)

@: mighty, somewhat resistant to hostile enchantments, extremely unstealthy
A: permanent stasis, dig shafts and tunnels, four strong arms, antennae 3,
deterioration 1, dopey 1, fire resistance 2, poison resistance
a: Dig, Shaft Self, Renounce Religion


You were on level 7 of the Dungeon.
You worshipped Qazlal.
Qazlal was aware of your devotion.
You were near starving.

You visited 2 branches of the dungeon, and saw 8 of its levels.
You also visited: Sewer.

You collected 439 gold pieces.

Inventory:

Hand weapons
 a - a +0 war axe (weapon)
Missiles
 f - 56 bolts
 q - 3 needles of confusion
 z - 28 poisoned needles
 H - 10 tomahawks (quivered)
 Q - 21 sling bullets of frost
Armour
 c - a +0 shield (worn)
 k - a +2 pair of boots (worn)
 u - a +0 chain mail of positive energy (worn)
Jewellery
 y - a cursed -3 ring of dexterity (left hand)
 L - an amulet of regeneration (around neck)
Magical devices
 p - a wand of fireball (7)
 s - a wand of slowing (24)
Scrolls
 i - 3 scrolls of immolation
 m - a scroll of amnesia {unknown}
 o - a scroll of magic mapping {unknown}
 t - 5 scrolls of remove curse
 v - a scroll of fear {unknown}
 x - 2 scrolls of blinking {unknown}
 C - 2 scrolls of enchant armour {unknown}
 I - 2 scrolls of fog {unknown}
 N - a scroll of noise {unknown}
Potions
 d - 2 potions of might
 j - 3 potions of brilliance
 r - 3 potions of lignification
 G - a potion of resistance {unknown}
 J - a potion of cancellation
 K - a potion of flight
 M - a potion of poison {unknown}
 O - a potion of berserk rage
 R - a potion of agility {unknown}
Books
 D - a book of Dreams

   Spells                             Type                      Level
   a - Ensorcelled Hibernation        Hexes/Ice                    2
   b - Phase Shift                    Translocation                5
   c - Shadow Creatures               Summoning                    5
   d - Silence                        Hexes/Air                    5
   e - Darkness                       Hexes                        6
   f - Mass Confusion                 Hexes                        6
 F - a book of the Earth

   Spells                             Type                      Level
   a - Leda's Liquefaction            Hexes/Earth                  4
   b - Bolt of Magma                  Conjuration/Fire/Earth       5
   c - Statue Form                    Transmutation/Earth          6
   d - Iron Shot                      Conjuration/Earth            6
   e - Shatter                        Earth                        9
 P - a Fen Folio

   Spells                             Type                      Level
   a - Corpse Rot                     Necromancy                   2
   b - Stone Arrow                    Conjuration/Earth            3
   c - Leda's Liquefaction            Hexes/Earth                  4
   d - Summon Forest                  Summoning/Translocation      5
   e - Hydra Form                     Transmutation                6
   f - Summon Hydra                   Summoning                    7
 S - a book of the Dragon

   Spells                             Type                      Level
   a - Flame Tongue                   Conjuration/Fire             1
   b - Cause Fear                     Hexes                        4
   c - Bolt of Fire                   Conjuration/Fire             6
   d - Dragon Form                    Transmutation                7
   e - Dragon's Call                  Summoning                    9
Comestibles
 e - 5 bread rations
 g - 8 fruits
 h - 2 royal jellies
 n - 4 meat rations
 A - 2 slices of pizza
 B - a beef jerky


   Skills:
 + Level 6.6 Fighting
 + Level 6.8 Axes
 + Level 7.5 Armour
 + Level 4.4 Dodging
 + Level 0.6 Stealth
 + Level 9.1 Shields


You had 9 spell levels left.
You didn't know any spells.

Dungeon Overview and Level Annotations

Branches:
Dungeon (7/15)             Temple (1/1) D:7

Altars:
Ashenzari
Elyvilon
Gozag
Kikubaaqudgha
Makhleb
Nemelex Xobeh
Okawaru
Qazlal
Ru
Sif Muna
Trog
Vehumet
Xom
Yredelemnul
Zin
The Shining One

Shops:
D:5 [


Innate Abilities, Weirdness & Mutations

You are under a permanent stasis effect.
You can dig through walls and to a lower floor.
Your four strong arms can wield two-handed weapons with a shield.
You have a pair of large antennae on your head (SInv).
Your body sometimes deteriorates upon taking damage.
You are dopey. (Int -2)
Your flesh is very heat resistant.
Your system is resistant to poisons.


Message History

The orc warrior is moderately wounded.
You block the orc priest's attack. You block the orc warrior's attack.
Drink which item? (? for menu, Esc to quit)
You feel mightier all of a sudden.
The orc priest calls upon Beogh to heal the orc warrior.
The orc warrior is healed somewhat.
You block the orc warrior's attack.
You hit the orc warrior.
The orc warrior is moderately wounded.
The orc priest barely misses you.
The orc warrior hits you with a dire flail!!
* * * LOW HITPOINT WARNING * * *
Drink which item? (? for menu, Esc to quit)
You feel better. You block the orc priest's attack.
Use which ability?
Are you sure you want to shaft yourself?
You feel quite a bit more hungry. You block the orc warrior's attack.
You block the orc priest's attack.
You begin to dig a shaft.
You continue digging a shaft.
The orc warrior hits you with a dire flail!!
You die...

#..... ##..## #### #..##
...##### #..## ##......#
#.... ##.......# #####
#.....##.# # #.....##o###.#
#.......oo@..# # #
!..........##### #.#
####..####.############.###
#......................#
##.####.#####)###..#.#)###
#.# #.###..#.#)##. #.#
#........).... #.#
#.###..#.#)##.
#.#####.###..#.#.###


You could see an orc warrior, an orc priest and an orc.

Vanquished Creatures
  Pikel (D:4)
  The ghost of Leibowitz the Poker, an average MfGl of Okawaru (D:4)
  The ghost of Hawklord the Sneak, an average KoAs (D:3)
  3 sky beasts
  A slave (D:4)
  2 orc warriors (D:7)
  2 phantoms (D:7)
  2 ice beasts
  2 ogres
  Blork the orc (D:4)
  3 giant frogs
  2 scorpions
  A crimson imp (D:7)
  A giant frog zombie (D:5)
  2 centaur skeletons
  3 orc priests
  5 orc wizards
  4 jellies
  4 hounds
  An iguana (D:4)
  A worker ant (D:4)
  A worker ant zombie (D:7)
  15 adders
  4 gnolls (D:2)
  2 river rats (D:4)
  2 shadow imps
  An ooze (D:2)
  An adder zombie (D:5)
  An adder skeleton (D:6)
  4 worms
  5 giant geckos
  27 orcs
  14 giant cockroaches
  3 goblins
  5 hobgoblins
  A quokka (D:7)
  4 ball pythons
  3 bats
  10 giant newts
  12 jackals
  12 kobolds
  A quokka zombie (D:5)
  12 rats
183 creatures vanquished.

Vanquished Creatures (others)
  A hound (D:4)
1 creature vanquished.

Grand Total: 184 creatures vanquished

Notes
Turn   | Place    | Note
--------------------------------------------------------------
     0 | D:1      | Rationalist the Formicid Fighter began the quest for the Orb.
     0 | D:1      | Reached XP level 1. HP: 18/18 MP: 1/1
   236 | D:1      | Reached XP level 2. HP: 20/24 MP: 2/2
   472 | D:1      | Found a glowing golden altar of the Shining One.
   828 | D:1      | Reached skill level 4 in Shields
   894 | D:2      | Reached XP level 3. HP: 29/29 MP: 3/3
   902 | D:2      | Reached skill level 1 in Dodging
   906 | D:2      | Reached XP level 4. HP: 7/35 MP: 4/4
  1870 | D:2      | Reached XP level 5. HP: 39/42 MP: 5/5
  2386 | D:3      | Noticed Hawklord's ghost (average KoAs)
  2405 | D:3      | Killed Hawklord's ghost
  2405 | D:3      | Reached skill level 5 in Shields
  2405 | D:3      | Reached XP level 6. HP: 22/48 MP: 6/6
  2665 | D:3      | Found a sparkling altar of Nemelex Xobeh.
  3096 | D:3      | Reached XP level 7. HP: 40/54 MP: 7/7
  3480 | D:4      | Noticed Leibowitz's ghost (average MfGl)
  3499 | D:4      | Killed Leibowitz's ghost
  3499 | D:4      | Reached skill level 5 in Armour
  3555 | D:4      | Reached skill level 6 in Shields
  3851 | D:4      | Reached XP level 8. HP: 53/61 MP: 8/8
  3897 | D:4      | Noticed Pikel
  3942 | D:4      | Killed Pikel
  3942 | D:4      | Reached skill level 5 in Fighting
  4028 | D:4      | Found a glowing drain.
  4043 | Sewer    | Entered a sewer
  4307 | Sewer    | Reached skill level 7 in Shields
  4568 | Sewer    | Gained mutation: Your flesh is heat resistant. [potion of beneficial mutation]
  4569 | Sewer    | Gained mutation: Your flesh is very heat resistant. [potion of mutation]
  4569 | Sewer    | Gained mutation: Your spells are a little easier to cast, but a little less powerful. [potion of mutation]
  4569 | Sewer    | Gained mutation: You are dopey. (Int -2) [potion of mutation]
  4900 | D:4      | Noticed Blork the orc
  4914 | D:4      | Killed Blork the orc
  4914 | D:4      | Reached skill level 5 in Axes
  4914 | D:4      | Reached XP level 9. HP: 55/68 MP: 9/9
  4983 | D:5      | Entered Level 5 of the Dungeon
  5342 | D:5      | Found Ygraron's Armour Boutique.
  5506 | D:5      | Found a glowing golden altar of the Shining One.
  5506 | D:5      | Found an ancient bone altar of Kikubaaqudgha.
  5620 | D:5      | Found a bloodstained altar of Trog.
  6632 | D:6      | Reached skill level 8 in Shields
  6636 | D:6      | Gained mutation: Your system is resistant to poisons. [mutagenic meat]
  6637 | D:6      | Lost mutation: Your spells are a little easier to cast, but a little less powerful. [mutagenic meat]
  6638 | D:6      | Gained mutation: Your body sometimes deteriorates upon taking damage. [mutagenic meat]
  6657 | D:7      | Found a staircase to the Ecumenical Temple.
  6727 | Temple   | Entered the Ecumenical Temple
  6794 | Temple   | Became a worshipper of Qazlal Stormbringer
  7344 | D:7      | Acquired Qazlal's first power
  7430 | D:7      | Reached XP level 10. HP: 70/77 MP: 10/10
  7530 | D:7      | Reached skill level 9 in Shields
  7727 | D:7      | HP: 1/77 [orc warrior/dire flail (20)]
  7730 | D:7      | Mangled by an orc warrior

Vault maps used:
D:1:      onia_arrival_mini_maze, tso_metal_star
D:2:      first_bread
D:3:      nemelex_altar_shiori
D:4:      portal_sewer_entry_e, hangedman_decor_clover_reticule,
          uniq_blork_the_orc, uniq_pikel
D:5:      gammafunk_temple_overflow_elements, serial_shops,
          nicolae_shop_statue_plus, basic_altar, minmay_misc_feat_tower
D:7:      minmay_temple_entry_mist
Temple:   water_room_temple_a_12
Sewer:    sewer_frog_island_01

Action                   |  1- 3 |  4- 6 |  7- 9 | 10-12 || total
-------------------------+-------+-------+-------+-------++-------
Melee: War axe           |    65 |   193 |   555 |    53 ||   866
 Abil: Dig               |       |       |     2 |       ||     2
       Shaft Self        |       |       |       |     1 ||     1
  Use: Scroll            |     3 |     1 |     5 |       ||     9
       Potion            |       |       |     6 |     4 ||    10
  Eat: Chunk             |       |     7 |    21 |       ||    28
